 Dungeon Crawl Stone Soup version 0.14-a0-1773-ge500af7 (webtiles) character file.

227 Mitsuki the Chiller (level 4, -1/30 HPs)
             Began as a Merfolk Ice Elementalist on Jan 7, 2014.
             Slain by a yellow wasp (8 damage)
             ... on Level 4 of the Dungeon.
             The game lasted 00:15:23 (2860 turns).

Mitsuki the Chiller (Merfolk Ice Elementalist)      Turns: 2860, Time: 00:15:23

HP  -1/30        AC  5     Str  8      XL: 4   Next: 87%
MP   5/7         EV 11     Int 15      God:
Gold 119         SH  0     Dex 14      Spells:  1 memorised,  6 levels left

rFire  . . .     SeeInvis .     j - -1,+1 orc dagger
rCold  . . .     Clarity  .     s - +0 orc leather armour
rNeg   . . .     Conserve .     (no shield)
rPois  .         rCorr    .     (no helmet)
rElec  .         rRot     .     e - +0 cloak
SustAb . .       Spirit   .     (no gloves)
rMut   .         Warding  .     (no boots)
Saprov . . .     Stasis   .     (no amulet)
                                (no ring)
                                g - +1 ring of protection

@: mildly poisoned, slowed, very slow, slightly resistant to hostile
enchantments, fairly stealthy
A: change form in water, swift swim
a: no special abilities


You were on level 4 of the Dungeon.
You were not hungry.

You visited 1 branch of the dungeon, and saw 5 of its levels.

You collected 119 gold pieces.

Inventory:

Hand weapons
 j - a -1,+1 orcish dagger (weapon)
Armour
 e - a +0 cloak (worn)
 s - a +0 orcish leather armour (worn)
Comestibles
 c - 5 bread rations
 p - 3 meat rations
 z - a rotting chunk of goblin flesh
Scrolls
 f - 3 scrolls of random uselessness {unknown}
 k - a scroll of fear {unknown}
 m - a scroll of remove curse {unknown}
 n - 3 scrolls of identify
 o - 4 scrolls of blinking
 r - a scroll of teleportation {unknown}
 t - a scroll of enchant armour {unknown}
 v - a scroll of enchant weapon I {unknown}
 y - 2 scrolls of enchant weapon II {unknown}
Jewellery
 a - an uncursed ring of protection from magic {unknown}
 g - a +1 ring of protection (left hand)
 q - an uncursed ring of poison resistance {unknown}
 u - an uncursed ring of sustenance {unknown}
Potions
 d - 2 potions of resistance
 h - a potion of restore abilities
 i - 3 potions of heal wounds
 l - 2 potions of speed {unknown}
 x - a potion of berserk rage {unknown}
Books
 b - a book of Frost

   Spells                             Type                      Level
   *Freeze                            Ice                          1
   Throw Frost                        Conjuration/Ice              2
   Ozocubu's Armour                   Charms/Ice                   3
   Throw Icicle                       Conjuration/Ice              4
   Summon Ice Beast                   Ice/Summoning                4
   Condensation Shield                Ice                          4


   Skills:
 * Level 2.2 Short Blades
 - Level 2.6 Dodging
 + Level 3.7 Stealth
 - Level 2.0 Spellcasting
   Level 0.7 Conjurations
 - Level 4.6 Ice Magic


You had 6 spell levels left.
You knew the following spells:

 Your Spells              Type           Power        Failure   Level  Hunger
a - Freeze                Ice            ###.         3%          1    #......


Dungeon Overview and Level Annotations

Branches:
Dungeon (5/16)
 Temple: D:4-7

Altars:
Nemelex Xobeh
the Shining One


Message History

The yellow wasp stings you but does no damage.
The yellow wasp stings you.
You feel as though you will be slow longer.
You miss the yellow wasp.
The yellow wasp is heavily wounded.
The yellow wasp barely misses you. The yellow wasp stings you!
* * * LOW HITPOINT WARNING * * *
You are more poisoned.
You feel as though you will be slow longer.
You hit the yellow wasp but do no damage.
The yellow wasp is moderately wounded.
The yellow wasp closely misses you.
The yellow wasp stings you but does no damage.
You hit the yellow wasp but do no damage.
The yellow wasp is moderately wounded.
The yellow wasp misses you. The yellow wasp stings you.
* * * LOW HITPOINT WARNING * * *
You feel as though you will be slow longer.
The yellow wasp stings you!
You die...

####### ....?$.#
...)....# #######
..<./...# #.....#
........# #.....#
#........# #.....#
#.?......# #.....#
#........#####.....#
###.....Ky@........#
#..#########.....#
#. #.....# #
........ ##......
#..... ##..# ..


You could see a yellow wasp and a kobold.

Vanquished Creatures
  Terence (D:2)
  A gnoll (D:1)
  An adder (D:2)
  A worm (D:2)
  A giant mite (D:1)
  A giant eyeball (D:4)
  8 giant geckos
  A ball python (D:3)
  5 giant cockroaches
  6 hobgoblins (D:1)
  3 jackals (D:1)
  A quokka (D:5)
  9 bats
  2 giant newts
  9 goblins
  6 kobolds
  5 rats
61 creatures vanquished.

Notes
Turn   | Place    | Note
--------------------------------------------------------------
     0 | D:1      | Mitsuki, the Merfolk Ice Elementalist, began the quest for the Orb.
     0 | D:1      | Reached XP level 1. HP: 13/13 MP: 3/3
   171 | D:1      | Reached XP level 2. HP: 19/19 MP: 0/4
   370 | D:1      | Reached skill level 4 in Ice Magic
   647 | D:1      | Reached XP level 3. HP: 13/24 MP: 0/6
  1328 | D:1      | Reached skill level 1 in Short Blades
  1519 | D:2      | Noticed Terence
  1524 | D:2      | Killed Terence
  1524 | D:2      | Reached XP level 4. HP: 25/30 MP: 3/7
  2743 | D:4      | Found a sparkling altar of Nemelex Xobeh.
  2743 | D:4      | Found a glowing golden altar of the Shining One.
  2748 | D:5      | Entered Level 5 of the Dungeon
  2829 | D:4      | Paralysed by a giant eyeball for 3 turns
  2850 | D:4      | Noticed a yellow wasp
  2860 | D:4      | Slain by a yellow wasp

Action                   |  1- 3 |  4- 6 || total
-------------------------+-------+-------++-------
Melee: Unarmed           |    44 |       ||    44
       Dagger            |    81 |    75 ||   156
       Short sword       |     1 |       ||     1
 Cast: Freeze            |    36 |    13 ||    49
  Use: Scroll            |     1 |     2 ||     3
       Potion            |       |     5 ||     5
 Stab: Sleeping          |     5 |     3 ||     8
